 Dungeon Crawl Stone Soup version 0.30-a0-174-gbc10bd73c2 (webtiles) character file.

Game seed: 8011439902210596360

759 qw the Chopper (level 7, -3/43 HPs)
             Began as a Gargoyle Fighter on Oct 1, 2022.
             Killed from afar by a white imp (4 damage)
             ... with a puff of frost
             ... on level 5 of the Dungeon.
             The game lasted 00:01:47 (4213 turns).

qw the Chopper (Gargoyle Fighter)                   Turns: 4213, Time: 00:01:47

Health: -3/43      AC: 18    Str: 28    XL:     7   Next: 80%
Magic:  7/7        EV:  7    Int:  8    God:
Gold:   280        SH:  4    Dex:  9    Spells: 6/6 levels left

rFire   . . .      SeeInvis +    l - +1 war axe (vamp)
rCold   . . .      Faith    .    c - +0 buckler
rNeg    + . .      Spirit   .    v - +0 plate armour
rPois   inf        Reflect  .    (no helmet)
rElec   +          Harm     .    f - +0 cloak
rCorr   .          Rampage  .    (no gloves)
Will    .....                    m - +0 pair of boots
Stlth   ..........               u - amulet of the acrobat
HPRegen 0.27/turn                r - ring of see invisible
MPRegen 0.10/turn                j - +6 ring of strength

@: no status effects
A: sickness immunity, AC +4, negative energy resistance 1, electricity
resistance, torment resistance 1, petrification resistance
a: no special abilities


You were on level 5 of the Dungeon.
You visited 1 branch of the dungeon, and saw 5 of its levels.

You collected 280 gold pieces.


Innate Abilities, Weirdness & Mutations

You are immune to sickness and miasma.
Your stone body is resilient. (AC +4)
You are immune to poison.
You resist negative energy. (rN+)
You are resistant to electric shocks. (rElec)
You are resistant to unholy torment.
You are immune to petrification.


   Skills:
 - Level 4.0 Fighting
 + Level 6.4 Axes
 - Level 2.9 Throwing
 - Level 4.0 Armour
 - Level 1.0 Dodging
 - Level 3.2 Shields


You had 6 spell levels left.
You didn't know any spells.
Your spell library was empty.

Inventory:

Hand Weapons
 l - a +1 vampiric war axe (weapon)
 p - a +0 flail
Missiles
 b - a silver boomerang (quivered)
 w - a silver javelin
Armour
 c - a +0 buckler (worn)
 f - a +0 cloak (worn)
 g - a +1 chain mail of fire resistance
 m - a +0 pair of boots (worn)
 n - the +5 scale mail of Jyub {rC+ Int+4}
   (You found it on level 3 of the Dungeon)

   Int:       It affects your intelligence (+4).
   rC:        It protects you from cold.
 v - a +0 plate armour (worn)
Jewellery
 j - a +6 ring of strength (right hand)
 q - a ring of resist corrosion
 r - a ring of see invisible (left hand)
 u - an amulet of the acrobat (around neck)
Scrolls
 a - 2 scrolls of identify
 h - a scroll of poison {unknown}
Potions
 d - 3 potions of might
 e - 2 potions of curing
 i - 2 potions of degeneration {unknown}
 k - a potion of attraction {unknown}
 o - a potion of resistance {unknown}
 s - a potion of heal wounds {unknown}

Dungeon Overview and Level Annotations

Branches:
Dungeon (5/15)
 Temple: D:4-7

Altars:

Annotations:
D:3 2 runed translucent doors, qw's ghost, amateur GrFi
D:5 Ijyb


Message History

You closely miss the white imp.
Ijyb screams, "Get away!"
The white imp closely misses you.
You barely miss the white imp. You block the white imp's attack.
You barely miss Ijyb. You slash the white imp!
Ijyb zaps a wand.
The bolt of dispelling energy hits you! The white imp gestures at you.
You block the puff of frost.
Ijyb zaps a wand.
The bolt of dispelling energy hits you!
The white imp hits you but does no damage.
You barely miss the white imp.
The white imp is almost dead.
You hit Ijyb.
You feel better. You block Ijyb's attack.
The white imp hits you but does no damage.
You barely miss the white imp.
The white imp is almost dead.
You slash Ijyb! Ijyb hits you but does no damage.
The white imp closely misses you.
You closely miss the white imp.
The white imp is almost dead.
You hit Ijyb.
You feel better.
Ijyb screams, "Me very upset!"
Ijyb hits you with a +0 club.
The white imp hits you but does no damage.
You closely miss the white imp.
The white imp is almost dead.
You hit Ijyb.
Ijyb zaps a wand.
The bolt of dispelling energy hits you. The white imp gestures at you.
The puff of frost hits you! You block the white imp's attack.
Ijyb hits you but does no damage.
You hit the white imp but do no damage.
The white imp is almost dead.
You hit Ijyb. Ijyb hits you but does no damage. The white imp gestures at you.
The puff of frost hits you.
You die...

###### ......###
........##
.........##
..........##
...........##
......5.....# #
......g@....#
###..
............##....
.$.............#
#.............##
####..........#
#####..##..#
#####..# #..# #..#


You could see Ijyb and a white imp.

Vanquished Creatures
  Sigmund (D:5)
  2 scorpions (D:5)
  An orc priest (D:4)
  A hound (D:5)
  2 iguanas
  5 orc wizards
  9 adders
  3 gnolls (D:5)
  An ufetubus (D:5)
  2 worms
  6 dart slugs
  12 orcs
  9 endoplasms
  A giant cockroach (D:1)
  7 goblins
  A hobgoblin (D:4)
  6 jackals (D:1)
  A quokka (D:3)
  10 ball pythons
  7 bats
  6 kobolds
  6 rats
99 creatures vanquished.

Vanquished Creatures (others)
  An orc wizard (D:4)
1 creature vanquished.

Grand Total: 100 creatures vanquished

Notes
Turn   | Place    | Note
-------+----------+-------------------------------------------
     0 | D:1      | qw the Gargoyle Fighter began the quest for the Orb.
     0 | D:1      | Reached XP level 1. HP: 14/14 MP: 1/1
     0 | D:1      | 0 ||| qw: Version: 0.2-a-13-gfc7b4b4
     0 | D:1      | 0 ||| qw: Game counter: 1848
     0 | D:1      | 0 ||| qw: Always use a shield: true
     0 | D:1      | 0 ||| qw: God list: Okawaru
     0 | D:1      | 0 ||| qw: Allow faded altars: false
     0 | D:1      | 0 ||| qw: Do Orc after D:15 true
     0 | D:1      | 0 ||| qw: Do second Lair branch before Depths: true
     0 | D:1      | 0 ||| qw: Lair rune preference: random
     0 | D:1      | 0 ||| qw: Plans: Normal, Zot:1-4, God:TSO, Crypt, Tomb,
                  | Pan, Slime:5, Hells, Abyss, Orb
     0 | D:1      | 0 ||| PLANNING D:1-11
    33 | D:1      | Reached skill level 2 in Axes
   216 | D:1      | Reached XP level 2. HP: 19/19 MP: 2/2
   301 | D:1      | 301 ||| Stepping ~*~*~tactically~*~*~ (stealth).
   303 | D:1      | 303 ||| Stepping ~*~*~tactically~*~*~ (stealth).
   304 | D:1      | 304 ||| Stepping ~*~*~tactically~*~*~ (stealth).
   376 | D:1      | Reached skill level 3 in Axes
   435 | D:1      | Reached XP level 3. HP: 23/23 MP: 3/3
   449 | D:1      | Found a faded altar of an unknown god.
   986 | D:1      | 986 ||| UPGRADING to +0 cloak.
   991 | D:1      | 991 ||| READING 2 scrolls labelled HIKOIGR NEOME.
   992 | D:1      | 992 ||| READING scroll labelled ITHUOTWESA.
  1059 | D:2      | 1059 ||| Stepping ~*~*~tactically~*~*~ (hiding).
  1061 | D:2      | 1061 ||| Stepping ~*~*~tactically~*~*~ (hiding).
  1396 | D:2      | Reached XP level 4. HP: 26/28 MP: 4/4
  1430 | D:2      | 1430 ||| Stepping ~*~*~tactically~*~*~ (hiding).
  2029 | D:2      | 2029 ||| UPGRADING to +0 pair of boots.
  2034 | D:2      | 2034 ||| READING scroll labelled FAULYU ISUT.
  2035 | D:2      | 2035 ||| READING scroll labelled SECVIARITT.
  2039 | D:2      | 2039 ||| READING scroll labelled ARYSAT HENUNA.
  2040 | D:2      | 2040 ||| READING scroll labelled XUTEUL XUSKEKE.
  2067 | D:3      | 2067 ||| PLANNING SEWER
  2178 | D:3      | Reached skill level 4 in Axes
  2181 | D:3      | 2181 ||| Stepping ~*~*~tactically~*~*~ (stealth).
  2182 | D:3      | 2182 ||| Stepping ~*~*~tactically~*~*~ (stealth).
  2183 | D:3      | 2183 ||| Stepping ~*~*~tactically~*~*~ (stealth).
  2193 | D:3      | 2193 ||| Stepping ~*~*~tactically~*~*~ (stealth).
  2274 | D:3      | Found a large runed translucent door.
  2274 | D:3      | Found a large runed translucent door.
  2278 | D:3      | Noticed qw's ghost (amateur GrFi)
  2402 | D:3      | 2402 ||| Stepping ~*~*~tactically~*~*~ (stealth).
  2404 | D:3      | 2404 ||| Stepping ~*~*~tactically~*~*~ (hiding).
  2588 | D:3      | 2588 ||| SWAPPING to +1 vampiric war axe.
  2589 | D:3      | 2589 ||| DROPPING +0 war axe.
  2656 | D:3      | 2656 ||| RIP SEWER
  2657 | D:3      | 2657 ||| PLANNING D:1-11
  2719 | D:3      | 2719 ||| Stepping ~*~*~tactically~*~*~ (stealth).
  2741 | D:3      | Identified the +5 scale mail of Jyub {rC+ Int+4}
  2860 | D:3      | 2860 ||| UPGRADING to +5 scale mail of Jyub {rC+ Int+4}.
  2870 | D:3      | 2870 ||| DROPPING +0 scale mail.
  2871 | D:3      | 2871 ||| UPGRADING to +6 ring of strength.
  2872 | D:3      | 2872 ||| UPGRADING to ring of resist corrosion.
  2972 | D:4      | 2972 ||| Stepping ~*~*~tactically~*~*~ (stealth).
  2977 | D:4      | 2977 ||| Stepping ~*~*~tactically~*~*~ (hiding).
  2983 | D:4      | Reached XP level 5. HP: 18/32 MP: 5/5
  2987 | D:4      | HP: 6/32 [orc wizard/puff of flame (12)]
  3005 | D:4      | 3005 ||| FLEEEEING.
  3005 | D:4      | HP: 5/32 [orc wizard/puff of flame (7)]
  3006 | D:4      | 3006 ||| FLEEEEING.
  3007 | D:4      | 3007 ||| FLEEEEING.
  3008 | D:4      | 3008 ||| FLEEEEING.
  3009 | D:4      | 3009 ||| FLEEEEING.
  3010 | D:4      | 3010 ||| FLEEEEING.
  3011 | D:4      | 3011 ||| FLEEEEING.
  3012 | D:4      | 3012 ||| FLEEEEING.
  3013 | D:4      | 3013 ||| FLEEEEING.
  3014 | D:4      | 3014 ||| FLEEEEING.
  3015 | D:4      | 3015 ||| FLEEEEING.
  3016 | D:4      | 3016 ||| FLEEEEING.
  3017 | D:4      | 3017 ||| FLEEEEING.
  3018 | D:4      | 3018 ||| FLEEEEING.
  3019 | D:4      | 3019 ||| FLEEEEING.
  3020 | D:4      | 3020 ||| FLEEEEING.
  3021 | D:4      | 3021 ||| FLEEEEING.
  3022 | D:4      | 3022 ||| FLEEEEING.
  3023 | D:4      | 3023 ||| FLEEEEING.
  3024 | D:4      | 3024 ||| FLEEEEING.
  3025 | D:4      | 3025 ||| FLEEEEING.
  3026 | D:4      | 3026 ||| FLEEEEING.
  3042 | D:4      | HP: 7/32 [orc wizard/+0 dagger (3)]
  3043 | D:4      | HP: 2/32 [orc wizard/magic dart (6)]
  3046 | D:4      | Reached skill level 5 in Axes
  3182 | D:4      | 3182 ||| Stepping ~*~*~tactically~*~*~ (stealth).
  3184 | D:4      | 3184 ||| Stepping ~*~*~tactically~*~*~ (hiding).
  3185 | D:4      | 3185 ||| Stepping ~*~*~tactically~*~*~ (hiding).
  3200 | D:4      | Reached skill level 1 in Dodging
  3316 | D:4      | 3316 ||| Stepping ~*~*~tactically~*~*~ (hiding).
  3319 | D:4      | 3319 ||| Stepping ~*~*~tactically~*~*~ (hiding).
  3320 | D:4      | 3320 ||| Stepping ~*~*~tactically~*~*~ (hiding).
  3344 | D:4      | Reached skill level 1 in Throwing
  3344 | D:4      | Reached XP level 6. HP: 37/37 MP: 6/6
  3363 | D:4      | 3363 ||| Stepping ~*~*~tactically~*~*~ (stealth).
  3366 | D:4      | 3366 ||| Stepping ~*~*~tactically~*~*~ (stealth).
  3375 | D:4      | 3375 ||| Stepping ~*~*~tactically~*~*~ (hiding).
  3398 | D:4      | 3398 ||| Stepping ~*~*~tactically~*~*~ (stealth).
  3413 | D:4      | 3413 ||| DROPPING +0 mace.
  3470 | D:4      | 3470 ||| Stepping ~*~*~tactically~*~*~ (stealth).
  3478 | D:4      | 3478 ||| Stepping ~*~*~tactically~*~*~ (stealth).
  3484 | D:4      | 3484 ||| Stepping ~*~*~tactically~*~*~ (stealth).
  3798 | D:4      | 3798 ||| UPGRADING to +0 plate armour.
  3808 | D:4      | 3808 ||| UPGRADING to amulet of the acrobat.
  3813 | D:4      | 3813 ||| UPGRADING to ring of see invisible.
  3815 | D:4      | 3815 ||| DROPPING ring of flight.
  3816 | D:4      | 3816 ||| UPGRADING to +6 ring of strength.
  3818 | D:4      | 3818 ||| READING scroll labelled PAHUPE HESALA.
  3819 | D:4      | 3819 ||| DRINKING 2 fizzy red potions.
  3843 | D:5      | Entered Level 5 of the Dungeon
  3909 | D:5      | Reached skill level 6 in Axes
  3909 | D:5      | Reached XP level 7. HP: 43/43 MP: 7/7
  4099 | D:5      | Noticed Sigmund
  4118 | D:5      | Killed Sigmund
  4203 | D:5      | Noticed Ijyb
  4212 | D:5      | HP: 1/43 [white imp/puff of frost (10)]
  4213 | D:5      | Killed from afar by a white imp

Levels and vault maps discovered:
D:1:      erik_arrival_cave_to_civilisation [erik_arrival_cave_to_hall],
          layout_basic, chequers_ecumenical_altar_simple, minmay_liquid_box,
          chequers_mini_garden
D:2:      layout_loops_corners
D:3:      layout_loops_ring, portal_sewer_entry_a, ebering_ghost_disaster_area,
          serial_bayou_lagoon_a
D:4:      layout_basic
D:5:      layout_cave_pods, chequers_temple_overflow_minitemple, uniq_ijyb,
          uniq_sigmund

Skill      XL: |  1  2  3  4  5  6  7 |
---------------+----------------------+-----
Axes           | 2 3 4 5 6 |  6.4
Dodging        | 1 |  1.0
Throwing       | 1 2 |  2.9
Fighting       | 4 |  4.0
Armour         | 4 |  4.0
Shields        | |  3.2

Action                   |  1- 3 |  4- 6 |  7- 9 || total
-------------------------+-------+-------+-------++-------
Melee: War axe           |   103 |   163 |    60 ||   326
Throw: Boomerang         |       |    16 |     4 ||    20
       Javelin           |       |     2 |     3 ||     5
  Use: Scroll            |     2 |     5 |       ||     7
       Potion            |       |     1 |       ||     1
Armor: Scale mail        |    53 |    81 |       ||   134
       Plate armour      |       |    20 |    44 ||    64
Dodge: Dodged            |    36 |    55 |    25 ||   116
Block: Buckler           |    24 |    27 |    12 ||    63

Table legend:
 A = Non-vault XP
 B = Vault XP
 C = Vault XP percentage of total XP
 D = Non-vault monster count
 E = Vault monster count
 F = Vault count percentage of total count
                 A         B        C        D         E       F
            +---------+---------+-------+---------+---------+-------
      Total |     845 |     240 |  22.1 |      95 |       5 |   5.0
            +---------+---------+-------+---------+---------+-------
        D:1 |      50 |       0 |   0.0 |      28 |       0 |   0.0
        D:2 |      44 |       0 |   0.0 |      14 |       0 |   0.0
        D:3 |      30 |      17 |  36.2 |      14 |       4 |  22.2
        D:4 |     326 |       0 |   0.0 |      23 |       0 |   0.0
        D:5 |     395 |     223 |  36.1 |      16 |       1 |   5.9
            +---------+---------+-------+---------+---------+-------
